 Dungeon Crawl Stone Soup version 0.28.0-53-g5a82cb258f (webtiles) character file.

Game seed: 1956981814332268607

228493 Doot the Eclecticist (level 18, -14/123 HPs)
             Began as a Mummy Necromancer on Aug 23, 2022.
             Was the Champion of Qazlal.
             Killed from afar by a titan (40 damage)
             ... with a bolt of lightning
             ... on level 1 of the Vaults on Aug 25, 2022.
             The game lasted 02:12:49 (48131 turns).

Doot the Eclecticist (Mummy Necromancer)           Turns: 48131, Time: 02:12:49

Health: -14/123    AC: 21    Str: 21    XL:     18   Next: 70%
Magic:  17/40      EV: 13    Int: 24    God:    Qazlal [******]
Gold:   3136       SH: 20    Dex: 13    Spells: 9/53 levels left

rFire   + . .      SeeInvis .   v - +9 quick blade (protect)
rCold   + . .      Faith    .   s - +2 kite shield {rF+}
rNeg    + + +      Spirit   .   B - +0 troll leather armour
rPois   ∞          Reflect  .   N - +2 helmet {Int+3}
rElec   .          Harm     .   w - +0 cloak
rCorr   .          Rampage  .   q - +1 pair of gloves of Guyr Ona {+Blink rF+ Str+3 Slay+5}
Will    ++...                   R - +2 pair of boots {Fly}
Stlth   +.........              Z - amulet of magic regeneration
HPRegen 1.10/turn               L - +4 ring of protection
MPRegen 0.67/turn               m - +6 ring of strength

@: protected from physical damage, flying, very slightly contaminated, repel
missiles
A: cold resistance 1, negative energy resistance 3, torment resistance 2, heat
vulnerability 1, in touch with death 1, no potions
}: 1/15 runes: serpentine
a: Renounce Religion, Evoke Blink, Upheaval, Elemental Force, Disaster Area


You were on level 1 of the Vaults.
You worshipped Qazlal.
Qazlal was exalted by your worship.
You visited 8 branches of the dungeon, and saw 33 of its levels.
You visited the Abyss 1 time.
You also visited: Ice Cave.

You collected 3757 gold pieces.
You spent 621 gold pieces at shops.

Inventory:

Hand Weapons
 v - a +9 quick blade of protection (weapon)
 G - the +8 short sword of the Manifold Dreams {venom, rPois}
   (You bought it in a shop on level 5 of the Dungeon)

   It poisons the flesh of those it strikes.
   rPois:     It protects you from poison.
Missiles
 M - a throwing net
 Y - 2 curare-tipped darts
Armour
 q - the +1 pair of gloves of Guyr Ona (worn) {+Blink rF+ Str+3 Slay+5}
   (You found it on level 3 of the Dungeon)

   Str:       It affects your strength (+3).
   Slay:      It affects your accuracy & damage with ranged weapons and melee
   (+5).
   rF:        It protects you from fire.
   +Blink:    It lets you blink.
 s - a +2 kite shield of fire resistance (worn)
 w - a +0 cloak (worn)
 B - a +0 troll leather armour (worn)
 N - a +2 helmet of intelligence (worn)
 R - a +2 pair of boots of flying (worn)
 U - a +1 leather armour of resistance
Magical Staves
 C - a staff of poison
Jewellery
 c - the ring of the Slug {rF- MP+9 Int+6}
   (You took it off a deep elf high priest on level 3 of the Elven Halls)

   [ring of magical power]

   Int:       It affects your intelligence (+6).
   rF:        It makes you vulnerable to fire.
   MP:        It affects your magic capacity (+9).
 g - an amulet of the acrobat
 j - a +6 ring of strength
 m - a +6 ring of strength (right hand)
 t - the ring "Uconuur" {EV+4 Int+3}
   (You took it off a deep elf pyromancer on level 3 of the Elven Halls)

   [ring of evasion]

   EV:        It affects your evasion (+4).
   Int:       It affects your intelligence (+3).
 y - an amulet of reflection
 z - a ring of protection from fire
 I - the amulet of Kucufaq {Reflect rPois SH+5}
   (You took it off a deep elf high priest on level 3 of the Elven Halls)

   [amulet of reflection]

   It reflects blocked missile attacks.
   rPois:     It protects you from poison.
   SH:        It affects your SH (+5).
 J - the amulet of Yniesata {Faith rF+}
   (You took it off a deep elf master archer on level 3 of the Elven Halls)

   [amulet of faith]

   It allows you to gain divine favour quickly.
   rF:        It protects you from fire.
 L - a +4 ring of protection (left hand)
 O - a +6 ring of intelligence
 S - the amulet "Tamal" {Reflect rC+ Dex+2 SH+5}
   (You took it off a deep elf master archer on level 3 of the Elven Halls)

   [amulet of reflection]

   It reflects blocked missile attacks.
   Dex:       It affects your dexterity (+2).
   rC:        It protects you from cold.
   SH:        It affects your SH (+5).
 V - the ring of Mobbudot {rC+ Int+6}
   (You took it off a deep elf master archer on level 3 of the Elven Halls)

   [ring of intelligence]

   Int:       It affects your intelligence (+6).
   rC:        It protects you from cold.
 X - a ring of protection from cold
 Z - an amulet of magic regeneration (around neck)
Wands
 e - a wand of charming (3)
 i - a wand of iceblast (4)
 r - a wand of flame (50)
 A - a wand of digging (5)
 D - a wand of acid (20)
 E - a wand of mindburst (15)
 K - a wand of paralysis (2)
 W - a wand of polymorph (3)
Scrolls
 b - 14 scrolls of identify
 d - 2 scrolls of blinking
 f - 10 scrolls of noise
 h - 4 scrolls of vulnerability
 k - a scroll of brand weapon
 l - 5 scrolls of enchant weapon
 n - 10 scrolls of teleportation
 o - 4 scrolls of enchant armour
 p - 6 scrolls of amnesia
 u - 2 scrolls of holy word
 x - 4 scrolls of immolation
 F - 4 scrolls of magic mapping
 P - 6 scrolls of fear
 Q - 5 scrolls of fog
Miscellaneous
 a - a condenser vane
 H - a condenser vane
 T - a condenser vane


   Skills:
 + Level 5.9 Fighting
 * Level 10.9 Short Blades
 + Level 1.9 Maces & Flails
 + Level 4.6 Armour
 + Level 6.6 Dodging
 + Level 3.8 Stealth
 + Level 7.3 Shields
 + Level 18.4 Spellcasting
 * Level 10.8 Conjurations
 + Level 4.5 Summonings
 + Level 13.6 Necromancy
 + Level 0.3 Translocations
 + Level 4.8 Ice Magic
 - Level 10.0 Earth Magic
 - Level 3.0 Invocations
 * Level 8.3 Evocations


You had 9 spell levels left.
You knew the following spells:

 Your Spells              Type           Power      Damage    Failure   Level
a - Pain                  Necr           100%       1d9       1%          1
b - Vampiric Draining     Necr           92%        2d12      1%          3
c - Animate Dead          Necr           46%        N/A       1%          4
d - Summon Ice Beast      Ice/Summ       44%        N/A       10%         4
e - Agony                 Necr           92%        N/A       1%          5
f - Iskenderun's Mystic   Conj/Tloc      49%        2d11      6%          4
g - Borgnjor's Vile Clut  Necr/Erth      43%        N/A       1%          5
h - Lee's Rapid Deconstr  Erth           31%        3d17*     3%          5
i - Dispel Undead         Necr           92%        3d29      1%          4
j - Stone Arrow           Conj/Erth      100%       3d13      1%          3
k - Iron Shot             Conj/Erth      32%        9d7       14%         6

Your spell library contained the following spells:

 Spells                   Type           Power      Damage    Failure   Level
 Animate Skeleton         Necr           100%       N/A       1%          1
 Sandblast                Erth           100%       2d20      1%          1
 Corpse Rot               Necr/Air       100%       N/A       1%          2
 Passwall                 Tmut/Erth      38%        N/A       1%          2
 Static Discharge         Conj/Air       48%        N/A       1%          2
 Conjure Flame            Conj/Fire      48%        6-21      1%          3
 Iskenderun's Battlesphe  Conj           65%        2d11      1%          5
 Frozen Ramparts          Ice            90%        1d11      2%          3
 Ensorcelled Hibernation  Hex/Ice        66%        N/A       3%          2
 Anguish                  Hex/Necr       35%        N/A       3%          4
 Animate Armour           Summ/Erth      100%       N/A       3%          4
 Death Channel            Necr           46%        N/A       3%          6
 Fulminant Prism          Conj/Hex       24%        3d13      7%          4
 Sticky Flame             Conj/Fire      48%        2d7       7%          4
 Leda's Liquefaction      Hex/Erth       23%        N/A       9%          4
 Petrify                  Tmut/Erth      46%        N/A       9%          4
 Gell's Gravitas          Tloc           23%        N/A       17%         3
 Lesser Beckoning         Tloc           23%        N/A       17%         3
 Teleport Other           Tloc           23%        N/A       17%         3
 Ignite Poison            Fire/Tmut/Pois 22%        N/A       19%         3
 Swiftness                Air            22%        N/A       19%         3
 Tukima's Dance           Hex            22%        N/A       19%         3
 Fireball                 Conj/Fire      24%        3d11      19%         5
 Irradiate                Conj/Tmut      24%        3d22      19%         5
 Lightning Bolt           Conj/Air       24%        1d39      19%         5
 Simulacrum               Ice/Necr       39%        N/A       22%         6
 Passage of Golubria      Tloc           23%        N/A       50%         4
 Cause Fear               Hex            11%        N/A       54%         4
 Olgreb's Toxic Radiance  Pois           22%        N/A       54%         4
 Summon Forest            Summ/Tloc      16%        N/A       54%         5
 Orb of Destruction       Conj           32%        9d10      54%         7
 Conjure Ball Lightning   Conj/Air       24%        3x3d7     71%         6
 Starburst                Conj/Fire      24%        6d8       71%         6
 Haunt                    Necr/Summ      39%        N/A       78%         7
 Infestation              Necr           46%        N/A       83%         8
 Alistair's Intoxication  Tmut/Pois      14%        N/A       87%         5
 Silence                  Hex/Air        11%        N/A       87%         5
 Yara's Violent Unravell  Hex/Tmut       11%        3d6       87%         5
 Lehudib's Crystal Spear  Conj/Erth      32%        10d8      99%         8
 Eringya's Noxious Bog    Tmut/Pois      11%        N/A       100%        6
 Ozocubu's Refrigeration  Ice            22%        4d9       100%        7
 Summon Hydra             Summ           21%        N/A       100%        7
 Ignition                 Fire           11%        3d5       100%        8
 Maxwell's Capacitive Co  Air            11%        ∞         100%        8
 Dragon's Call            Summ           21%        N/A       100%        9
 Spider Form              Tmut/Pois      Unusable   N/A       N/A         3
 Ice Form                 Ice/Tmut       Unusable   N/A       N/A         4
 Blade Hands              Tmut           Unusable   N/A       N/A         5
 Dragon Form              Tmut           Unusable   N/A       N/A         7

Dungeon Overview and Level Annotations

Branches:
Dungeon (15/15)            Temple (1/1) D:4            Lair (6/6) D:10
  Swamp (1/4) Lair:2        Snake (4/4) Lair:3        Slime (0/5) Lair:5
    Orc (2/2) D:9             Elf (3/3) Orc:2        Vaults (1/5) D:13
 Depths (0/4) D:15          IceCv (visited)

Altars:
Ashenzari
Cheibriados
Dithmenos
Elyvilon
Fedhas
Gozag
Hepliaklqana
Kikubaaqudgha
Makhleb
Nemelex Xobeh
Okawaru
Qazlal
Ru
Sif Muna
Trog
Uskayaw
Vehumet
Wu Jian
Xom
Yredelemnul
Zin
The Shining One
Jiyva

Shops:
D:5 (   D:9 *   Orc:2 ?*((   Elf:1 (   Elf:2 !(   Elf:3 ?!?

Annotations:
D:10 2 transporters, mmigdal's ghost, journeyman HuFi
D:11 1 transporter
Lair:3 1 runed translucent door, Ynlikk's ghost, journeyman TeFE
Lair:5 1 runed translucent door
Lair:6 exclusion: orange crystal statue
Orc:2 exclusion: upstairs
Elf:2 3 runed translucent doors


Innate Abilities, Weirdness & Mutations

You are immune to poison.
Your flesh is cold resistant. (rC+)
You are immune to negative energy. (rN+++)
You are immune to unholy pain and torment.
You are vulnerable to heat. (rF-)
You are in touch with the powers of death.
You do not drink.


Message History

Casting: Iron Shot (dangerous; 14% risk of failure)
Confirm with . or Enter, or press ? or * to list all spells.
Aiming: Borgnjor's Vile Clutch (mildly dangerous; 1% risk of failure)
Press: ? - help, Shift-Dir - straight line, f - yaktaur, p - ironbound convoker
Aim: a yaktaur, quivering bolts (100% to hit)
Okay, then.
Casting: Borgnjor's Vile Clutch (mildly dangerous; 1% risk of failure)
Confirm with . or Enter, or press ? or * to list all spells.
Aiming: Borgnjor's Vile Clutch (mildly dangerous; 1% risk of failure)
Press: ? - help, Shift-Dir - straight line, f - titan, p - ironbound convoker
Aim: a titan (100% to hit)
You feel a surge of power!
Zombie hands grab the titan.
The zombie hands constrict the titan!
The centaur warrior hits you.
You feel more protected from physical attacks.
You block the centaur warrior's attack. The centaur warrior closely misses you.
The centaur warrior kicks you but does no damage.
The ettin hits you with a +0 dire flail!!!
The ettin closely misses you. You block the titan's attack.
Unknown command.
Casting: Borgnjor's Vile Clutch (mildly dangerous; 1% risk of failure)
Confirm with . or Enter, or press ? or * to list all spells.
Aiming: Vampiric Draining (safe; 1% risk of failure)
Press: ? - help, Shift-Dir - straight line, f/p - titan
Aim: a titan (lightly wounded, constricted by zombie hands)
You feel a surge of power!
You draw life force from the titan!!
You feel life coursing into your body!
The zombie hands constrict the titan!
You block the centaur warrior's attack. x2; The ettin closely misses you.
The ettin hits you with a +0 dire flail!!!
* * * LOW HITPOINT WARNING * * *
You block the titan's attack.
Blink to where?
Press: ? - help, Dir - move target, p - titan
As you read the scroll of blinking, it crumbles to dust.
The zombie hands constrict the titan!
The titan struggles to escape constriction.
The zombie hands constrict the titan.
The titan points at you and mumbles some strange words.
The bolt of lightning hits you!!!
You die... pc

p# ###.# #cC.#
####### #C###
###...... #.#
#.'...... #.#
#.#......
#.#########.#......
#.@......!..#.#.#.#
#############......
#.#.#.# #......
#...... #......
+...... #+#####


You could see a titan (clutched) and a centaur warrior.

Vanquished Creatures
  Nikola (Snake:1)
  2 deep elf blademasters (Elf:3)
  2 tentacled starspawn (Abyss:3)
  3 deep elf master archers (Elf:3)
  Frances (D:14)
  A daeva (Abyss:3)
  A fenstrider witch (Lair:2)
  8 nagarajas
  Aizul (Snake:1)
  An orc warlord (Orc:1)
  5 deep elf sorcerers (Elf:3)
  A vault warden (D:13)
  Louise (D:14)
  2 deep elf elementalists (Elf:3)
  2 ironbound thunderhulks (Vaults:1)
  A reaper (IceCv)
  3 deep elf demonologists (Elf:3)
  Azrael (Snake:1)
  7 deep elf annihilators
  3 dire elephants
  Snorg (D:13)
  A fire dragon (Lair:6)
  6 deep elf death magi
  9 deep elf high priests
  17 naga warriors
  2 yaktaur captains
  Erolcha (D:11)
  10 hydras
  A boulder beetle (D:11)
  A salamander tyrant (Snake:4)
  4 vault guards (D:13)
  13 anacondas
  An ironbound frostheart (Vaults:1)
  4 centaur warriors
  An anaconda (shapeshifter) (D:15)
  An ogre mage (D:15)
  10 two-headed ogres
  16 naga sharpshooters
  A catoblepas (D:15)
  A death knight (D:13)
  A tengu warrior (D:11)
  12 dancing weapons
  3 orc high priests
  Urug (D:11)
  Sonja (D:13)
  4 shock serpents
  3 deep elf knights
  5 skeletal warriors (D:12)
  A wretched star (Abyss:3)
  3 salamander mystics
  A spatial maelstrom (Abyss:3)
  An orb spider (shapeshifter) (D:15)
  2 bog bodies (Lair:2)
  5 naga ritualists
  20 deep elf pyromancers
  A swamp dragon (Lair:6)
  An ironbound convoker (Vaults:1)
  Pikel (D:8)
  6 deep elf archers
  8 orc knights
  A wizard (Vaults:1)
  6 mana vipers
  14 deep elf zephyrmancers
  2 wolf spiders (Lair:6)
  An oklob plant (D:10)
  29 ugly things
  6 manticores
  8 orc sorcerers
  2 cyclopes
  6 salamanders
  3 worldbinders (Abyss:3)
  3 centaur zombies
  10 guardian serpents
  24 elephants
  2 ice statues (IceCv)
  14 naga magi
  3 gargoyles
  41 black mambas
  A smoke demon (Abyss:3)
  2 vault sentinels (Vaults:1)
  An orange demon (Abyss:3)
  18 cane toads
  5 rime drakes
  An efreet (D:13)
  4 yaktaurs (Vaults:1)
  A freezing wraith (D:15)
  An unseen horror (D:11)
  A bunyip simulacrum (Abyss:3)
  A tengu conjurer (D:11)
  7 komodo dragons
  2 entropy weaver simulacra (IceCv)
  2 hellwings (Abyss:3)
  A kobold demonologist (D:12)
  An ancient zyme (Abyss:3)
  5 ice devils (IceCv)
  8 trolls
  A merfolk (D:15)
  A polar bear (Lair:6)
  A harpy skeleton (Abyss:3)
  18 blink frogs
  12 slime creatures
  5 dream sheep (Lair:6)
  5 hornets
  3 air elementals
  5 water elementals
  A centaur simulacrum (D:14)
  4 wraiths
  A vampire (D:14)
  15 wyverns
  2 ynoxinuls (Abyss:3)
  2 spriggans (Swamp:1)
  13 yaks
  4 fire elementals
  6 humans
  4 basilisks
  A redback (Lair:5)
  7 vampire mosquitoes
  9 large abominations (Abyss:3)
  2 small abominations (Abyss:3)
  A steam dragon (Lair:6)
  2 swamp worms (Lair:2)
  31 nagas
  A harpy simulacrum (IceCv)
  4 acid dragons
  6 wargs
  A spatial vortex (Abyss:3)
  4 hell hounds (Snake:1)
  27 water moccasins
  2 swamp drakes
  27 orc warriors
  A black bear (D:7)
  6 wolves
  4 ogres
  A centaur (shapeshifter) (Abyss:3)
  3 necrophages
  12 centaurs
  2 phantoms
  A nameless horror (Lair:1)
  2 kobold brigands
  10 bullfrogs
  5 scorpions
  An earth elemental (Elf:1)
  2 gnoll sergeants
  2 wyvern zombies
  2 cane toad simulacra (IceCv)
  4 two-headed ogre simulacra (IceCv)
  A water moccasin zombie (D:6)
  A wyvern skeleton (D:3)
  3 killer bees (D:9)
  5 wights (D:7)
  2 elephant simulacra (IceCv)
  2 electric eels
  3 vampire bats (D:8)
  5 howler monkeys
  17 orc priests
  A quasit (Abyss:3)
  2 hounds
  A jelly (D:6)
  A gnoll shaman (D:9)
  2 centaur skeletons
  2 bullfrog skeletons
  7 iguanas
  26 orc wizards
  3 spriggan simulacra (IceCv)
  2 troll simulacra (IceCv)
  A polar bear simulacrum (IceCv)
  A wolf simulacrum (IceCv)
  A hound skeleton (D:4)
  16 gnolls
  10 adders
  3 naga simulacra (IceCv)
  13 white imps
  An ufetubus (D:5)
  2 adder skeletons (D:2)
  3 worms
  A dart slug (D:1)
  80 orcs
  7 ball pythons
  9 bats
  2 bat skeletons (D:8)
  4 bat zombies (D:8)
  6 endoplasms
  3 giant cockroaches
  7 hobgoblins
  A quokka (D:1)
  A frilled lizard (D:2)
  4 goblins
  19 kobolds
  2 rats (D:3)
  A starspawn tentacle (Abyss:3)
1035 creatures vanquished.

Vanquished Creatures (collateral kills)
  2 hydras
  An elephant (Lair:2)
  2 yaks (Lair:5)
  A warg (Orc:2)
  2 lava snakes (Lair:6)
  A centaur zombie (D:7)
  2 orcs
11 creatures vanquished.

Vanquished Creatures (others)
  A deep elf high priest (Elf:3)
  A hydra (Swamp:1)
  A naga ritualist (Snake:4)
  A guardian serpent (Snake:2)
  2 bloated husks (Swamp:1)
  An ufetubus (IceCv)
  An orc (Orc:2)
  2 bushes (Lair:6)
  42 fungi
  123 plants
  2 starspawn tentacles (Abyss:3)
177 creatures vanquished.

Grand Total: 1223 creatures vanquished

Notes
Turn   | Place    | Note
-------+----------+-------------------------------------------
     0 | D:1      | Doot the Mummy Necromancer began the quest for the Orb.
     0 | D:1      | Reached XP level 1. HP: 13/13 MP: 4/4
   140 | D:1      | Reached skill level 3 in Spellcasting
   582 | D:1      | Found a faded altar of an unknown god.
   655 | D:1      | Reached XP level 2. HP: 19/19 MP: 3/6
  1679 | D:2      | Reached XP level 3. HP: 24/24 MP: 7/7
  1729 | D:2      | Learned a level 3 spell: Vampiric Draining
  2541 | D:3      | Identified the +1 pair of gloves of Guyr Ona {+Blink rF+
                  | Str+3 Slay+5}
  2675 | D:3      | Reached XP level 4. HP: 30/30 MP: 7/9
  2702 | D:3      | Reached skill level 4 in Spellcasting
  2894 | D:3      | Learned a level 4 spell: Animate Dead
  3753 | D:4      | Noticed a phantom
  3805 | D:4      | Killed a phantom
  3806 | D:4      | Reached XP level 5. HP: 10/36 MP: 11/11
  4173 | D:4      | Found a staircase to the Ecumenical Temple.
  4214 | Temple   | Entered the Ecumenical Temple
  4356 | Temple   | Became a worshipper of Qazlal Stormbringer
  4481 | D:4      | Noticed a necrophage
  4554 | D:4      | Killed a necrophage
  4555 | D:4      | Reached skill level 1 in Fighting
  4555 | D:4      | Reached skill level 1 in Maces & Flails
  4555 | D:4      | Reached skill level 5 in Spellcasting
  4555 | D:4      | Reached skill level 5 in Necromancy
  4798 | D:4      | Found Eschesh's Book Shop.
  4840 | D:4      | Reached XP level 6. HP: 36/43 MP: 13/13
  4906 | D:4      | Learned a level 4 spell: Summon Ice Beast
  4925 | D:4      | Reached skill level 1 in Armour
  5626 | D:5      | Entered Level 5 of the Dungeon
  5676 | D:5      | Found Geujir's Antique Weapon Boutique.
  5713 | D:5      | Reached skill level 1 in Summonings
  5713 | D:5      | Reached skill level 1 in Ice Magic
  5713 | D:5      | Reached XP level 7. HP: 47/48 MP: 15/15
  5833 | D:5      | Bought a crystal short sword for 176 gold pieces
  5833 | D:5      | Identified the +8 short sword of the Manifold Dreams
                  | {venom, rPois} (You bought it in a shop on level 5 of the
                  | Dungeon)
  6290 | D:5      | Reached skill level 6 in Spellcasting
  6389 | D:5      | Identified the +1 robe of Thoughtfulness {rC++}
  6903 | D:5      | Learned a level 5 spell: Agony
  6916 | D:6      | Reached XP level 8. HP: 54/54 MP: 14/17
  7319 | D:6      | Reached skill level 1 in Short Blades
  7319 | D:6      | Reached skill level 7 in Spellcasting
  7591 | D:5      | Reached * piety under Qazlal
  7775 | D:6      | You fall into a shaft and drop 1 floor!
  8051 | D:7      | Reached XP level 9. HP: 49/61 MP: 20/20
  8414 | D:7      | Reached skill level 8 in Spellcasting
  8748 | D:6      | Found a sacrificial altar of Ru.
  9078 | D:8      | Found an ancient bone altar of Kikubaaqudgha.
  9117 | D:8      | Noticed a green ugly thing
  9159 | D:8      | Found a bloodstained altar of Trog.
  9165 | D:8      | Noticed Pikel
  9297 | D:8      | Killed Pikel
  9345 | D:8      | Found an opulent altar of Gozag.
  9488 | D:8      | Noticed a two-headed ogre
  9529 | D:9      | Reached skill level 1 in Shields
  9601 | D:9      | Reached ** piety under Qazlal
  9772 | D:9      | Reached XP level 10. HP: 53/68 MP: 12/22
  9874 | D:9      | Found a staircase to the Orcish Mines.
  9877 | D:9      | Found Gevvilibb's General Store.
  9885 | D:9      | Bought a scroll of magic mapping for 49 gold pieces
  9988 | D:10     | Entered Level 10 of the Dungeon
  9988 | D:10     | Found a transporter.
 10021 | D:10     | Reached skill level 9 in Spellcasting
 10057 | D:10     | Found a transporter.
 10062 | D:10     | Noticed an eight-headed hydra
 10062 | D:10     | Noticed mmigdal's ghost (journeyman HuFi)
 10358 | D:10     | Found a staircase to the Lair.
 10358 | D:10     | Noticed an oklob plant
 10431 | D:10     | Learned a level 4 spell: Iskenderun's Mystic Blast
 10524 | D:10     | Noticed a moth of wrath
 10664 | D:11     | Noticed a boulder beetle
 10699 | D:11     | Killed a boulder beetle
 10700 | D:11     | Reached skill level 1 in Invocations
 10700 | D:11     | Reached skill level 1 in Evocations
 10713 | D:11     | Reached skill level 1 in Conjurations
 10855 | D:11     | Noticed a purple ugly thing
 10863 | D:11     | Killed a purple ugly thing
 11099 | D:11     | Noticed a tengu warrior
 11138 | D:11     | Killed a tengu warrior
 11139 | D:11     | Reached skill level 10 in Spellcasting
 11335 | D:11     | Found a transporter.
 11344 | D:11     | Noticed a green ugly thing
 11354 | D:11     | Killed a green ugly thing
 11434 | D:11     | Reached XP level 11. HP: 71/75 MP: 22/25
 11487 | D:11     | Noticed Urug
 11772 | D:8      | Killed a two-headed ogre
 12158 | D:8      | Killed a green ugly thing
 12282 | Orc:1    | Entered Level 1 of the Orcish Mines
 12300 | Orc:1    | Reached *** piety under Qazlal
 12507 | Orc:2    | Entered Level 2 of the Orcish Mines
 12532 | Orc:2    | Found a staircase to the Elven Halls.
 13583 | Orc:2    | Noticed an orc knight
 13604 | Orc:1    | HP: 2/75 [orc warrior/+0 scimitar (25)]
 13932 | Orc:1    | Killed an orc knight
 13932 | Orc:1    | Reached **** piety under Qazlal
 14061 | Orc:1    | Noticed an orc knight
 14061 | Orc:1    | Noticed an orc sorcerer
 14061 | Orc:1    | Noticed an orc warlord
 14061 | Orc:1    | Noticed an orc sorcerer
 14061 | Orc:1    | Noticed an orc knight
 14061 | Orc:1    | Noticed an orc sorcerer
 14120 | Orc:2    | Noticed a soul eater
 14159 | Orc:2    | Noticed a soul eater
 14164 | Orc:2    | Paralysed by an orc sorcerer for 4 turns
 14166 | Orc:2    | Killed an orc sorcerer
 14477 | Orc:2    | Noticed an orc knight
 14496 | Orc:2    | Killed an orc knight
 14506 | Orc:2    | Noticed an orc high priest
 14506 | Orc:2    | Noticed an orc high priest
 14506 | Orc:2    | Noticed an orc sorcerer
 14604 | Orc:1    | Killed an orc high priest
 14605 | Orc:1    | Reached skill level 11 in Spellcasting
 14868 | D:10     | Killed an oklob plant
 14882 | Lair:1   | Entered Level 1 of the Lair of Beasts
 14882 | Lair:1   | Noticed a seven-headed hydra
 15592 | D:3      | Found an ornate altar of the Wu Jian Council.
 15623 | D:3      | Found a broken altar of Ashenzari.
 17232 | Lair:1   | Killed a seven-headed hydra
 17233 | Lair:1   | Reached XP level 12. HP: 63/83 MP: 6/27
 17523 | Lair:1   | Noticed a six-headed hydra
 17540 | Lair:1   | Killed a six-headed hydra
 17900 | Lair:1   | Reached ***** piety under Qazlal
 17906 | Lair:1   | Noticed an eight-headed hydra
 17942 | Lair:1   | Killed an eight-headed hydra
 18679 | Lair:2   | Noticed a seven-headed hydra
 18688 | Lair:2   | Killed a seven-headed hydra
 18689 | Lair:2   | Reached skill level 5 in Conjurations
 18878 | Lair:2   | Reached skill level 5 in Short Blades
 18897 | Lair:2   | Reached skill level 5 in Evocations
 19102 | Lair:2   | Reached skill level 12 in Spellcasting
 19696 | Lair:2   | Found a staircase to the Swamp.
 19935 | Lair:3   | Noticed an eight-headed hydra
 19935 | Lair:3   | Noticed a six-headed hydra
 20363 | Lair:3   | Found a staircase to the Snake Pit.
 20535 | Lair:3   | Killed a six-headed hydra
 20536 | Lair:3   | Gained mutation: You are in touch with the powers of death.
                  | [Mummy growth]
 20536 | Lair:3   | Reached XP level 13. HP: 69/89 MP: 9/29
 20839 | Lair:3   | Found a runed translucent door.
 20842 | Lair:3   | Identified the +4 trident of the Spider Nest {vamp, rF-
                  | Dex+9 SInv}
 20843 | Lair:3   | Noticed Ynlikk's ghost (journeyman TeFE)
 22037 | Lair:5   | Reached skill level 5 in Dodging
 22206 | Lair:5   | Identified 2 scrolls of acquirement
 22207 | Lair:5   | Acquired a +9 quick blade
 22210 | Lair:5   | Acquired Great Wizards, Vol. II
 22218 | Lair:5   | Learned a level 5 spell: Borgnjor's Vile Clutch
 22243 | Lair:5   | Reached skill level 10 in Necromancy
 22262 | Lair:5   | Found a runed translucent door.
 22262 | Lair:5   | Found a viscous altar of Jiyva.
 22750 | Lair:5   | Found a staircase to the Slime Pits.
 23243 | Lair:6   | Entered Level 6 of the Lair of Beasts
 23391 | Lair:6   | Reached skill level 1 in Earth Magic
 23921 | Lair:5   | Reached skill level 13 in Spellcasting
 24784 | Lair:6   | Reached XP level 14. HP: 96/96 MP: 0/31
 25004 | Lair:6   | Reached ****** piety under Qazlal
 25138 | Lair:6   | Reached skill level 5 in Fighting
 27280 | Orc:2    | Found Rojoubb's Antique Weapon Boutique.
 27280 | Orc:2    | Found Weulue's Magic Scroll Shoppe.
 27282 | Orc:2    | Found Dogyer's Antique Weapon Boutique.
 27282 | Orc:2    | Found Jawnen's Assorted Antiques.
 27293 | Orc:2    | Bought a scroll of teleportation for 51 gold pieces
 27544 | D:11     | Killed Urug
 27731 | D:11     | Noticed Erolcha
 27737 | D:11     | Killed Erolcha
 28448 | D:12     | Reached skill level 5 in Shields
 28489 | D:12     | Found a frozen archway.
 28525 | IceCv    | Entered an ice cave
 28935 | IceCv    | Noticed a reaper
 28956 | IceCv    | Killed a reaper
 29739 | D:13     | Noticed Snorg
 29862 | D:13     | Noticed Sonja
 29888 | D:12     | Reached skill level 14 in Spellcasting
 29949 | D:13     | Killed Sonja
 29950 | D:13     | Reached XP level 15. HP: 103/103 MP: 26/33
 30509 | D:13     | Found a gate to the Vaults.
 30730 | D:13     | Killed Snorg
 30731 | D:13     | Reached skill level 5 in Earth Magic
 31651 | D:14     | Noticed Louise
 31730 | D:14     | Killed Louise
 31794 | D:14     | Noticed Frances
 31807 | D:14     | Killed Frances
 32743 | D:15     | Entered Level 15 of the Dungeon
 33755 | D:15     | Reached skill level 15 in Spellcasting
 33842 | D:15     | Paralysed by an ogre mage for 2 turns
 34027 | D:15     | Reached XP level 16. HP: 110/110 MP: 24/35
 34343 | D:15     | Found a staircase to the Depths.
 34652 | Snake:1  | Entered Level 1 of the Snake Pit
 34660 | Snake:1  | Noticed Aizul
 34665 | Snake:1  | Noticed Azrael
 34677 | Snake:1  | Killed Aizul
 34839 | Snake:1  | Killed Azrael
 35043 | Snake:1  | Noticed Nikola
 35501 | Elf:1    | Entered Level 1 of the Elven Halls
 35731 | Elf:1    | Learned a level 5 spell: Lee's Rapid Deconstruction
 35948 | Elf:1    | Learned a level 4 spell: Dispel Undead
 35957 | Elf:1    | Found Elueppip's Weapon Shop.
 37041 | Elf:2    | Paralysed by an air elemental for 1 turns
 37496 | Elf:2    | Found Okkeoth's Weapon Boutique.
 37615 | Elf:2    | Found a runed translucent gate.
 37615 | Elf:2    | Found a runed translucent gate.
 37615 | Elf:2    | Found a runed translucent gate.
 37643 | Elf:2    | Paralysed by an air elemental for 1 turns
 37715 | Elf:2    | Found Uraox's Distillery.
 37820 | Elf:2    | Reached skill level 16 in Spellcasting
 38238 | Swamp:1  | Entered Level 1 of the Swamp
 38248 | Swamp:1  | Noticed a thorn hunter
 38367 | Snake:1  | Killed Nikola
 38953 | Snake:1  | You fall into a shaft and drop 1 floor!
 38962 | Snake:2  | Identified the +7 fustibalus "Jiotzi" {flame, *Slow Will+++
                  | Dex+5}
 39249 | Snake:2  | Reached XP level 17. HP: 103/117 MP: 31/37
 39343 | Snake:2  | Acquired the Disquisition on Earth
 39349 | Snake:2  | Learned a level 3 spell: Stone Arrow
 40722 | Snake:3  | Reached skill level 10 in Conjurations
 40977 | Snake:4  | Entered Level 4 of the Snake Pit
 41019 | Snake:4  | Reached skill level 10 in Short Blades
 42427 | Snake:4  | Learned a level 6 spell: Iron Shot
 42703 | Snake:4  | Reached skill level 17 in Spellcasting
 43058 | Snake:4  | Got a serpentine rune of Zot
 43746 | Elf:3    | Entered Level 3 of the Elven Halls
 43898 | Elf:3    | Reached XP level 18. HP: 123/123 MP: 9/39
 44082 | Elf:3    | Found Sitzib's Magic Scroll Shoppe.
 44240 | Elf:3    | Reached skill level 10 in Earth Magic
 44340 | Elf:3    | Noticed a Brimstone Fiend
 44506 | Elf:3    | Paralysed by an air elemental for 1 turns
 44634 | Elf:3    | Found Hyusent's Distillery.
 45133 | Elf:3    | Cast into level 3 of the Abyss (a deep elf sorcerer)
 45274 | Abyss:3  | Noticed a bone dragon
 45582 | Abyss:3  | Noticed an ancient lich
 45751 | Elf:3    | Escaped the Abyss
 45917 | Elf:3    | Found Nav Met's Magic Scroll Emporium.
 45926 | Elf:3    | Bought a scroll of teleportation for 57 gold pieces
 45926 | Elf:3    | Bought a scroll of fear for 66 gold pieces
 45926 | Elf:3    | Bought a scroll of teleportation for 57 gold pieces
 45926 | Elf:3    | Bought a scroll of teleportation for 57 gold pieces
 46063 | Elf:3    | Identified the amulet of Yniesata {Faith rF+}
 46065 | Elf:3    | Identified the amulet of Kucufaq {Reflect rPois SH+5}
 46346 | Elf:3    | Identified the amulet "Tamal" {Reflect rC+ Dex+2 SH+5}
 46357 | Elf:3    | Identified the ring of Mobbudot {rC+ Int+6}
 46358 | Elf:3    | Identified the ring "Uconuur" {EV+4 Int+3}
 46362 | Elf:3    | Reached skill level 18 in Spellcasting
 46362 | Elf:3    | Identified the ring of the Slug {rF- MP+9 Int+6}
 46562 | Elf:3    | Bought a scroll of teleportation for 54 gold pieces
 46562 | Elf:3    | Bought a scroll of teleportation for 54 gold pieces
 46706 | Elf:3    | Acquired Sif Muna's Guide on Doomed Conjuration
 47411 | Vaults:1 | Entered Level 1 of the Vaults
 48131 | Vaults:1 | Killed from afar by a titan

Illustrated notes

Levels and vault maps discovered:
D:1:      lemuel_arrival_hallway, layout_loops_cross,
          dreamdust_ecumenical_altar_hidden_monk_grotto
D:2:      layout_rooms
D:3:      layout_basic, nicolae_wu_jian_glorious_leap,
          nicolae_ashenzari_panopticon, serial_glass, glass_columns_a,
          glass_columns_a, glass_columns_b, glass_columns_c, glass_columns_a,
          glass_columns_a, glass_columns_c, glass_columns_b
D:4:      layout_loops_corners, minmay_temple_entry_statues_pillars,
          serial_shops, shop
D:5:      layout_cave_pods, chequers_ossuary_entry_cave, serial_shops,
          nicolae_stop_n_shop_1, grunt_ministairs_1
D:6:      layout_rooms, lemuel_doored_altar, serial_bayou_pond_e,
          minmay_ruffians
D:7:      old_forge, layout_layer_cave
D:8:      layout_basic, lemuel_crystal_altar, kennysheep_mini,
          kennysheep_vampire_church, uniq_pikel
D:9:      layout_rooms, serial_shops, nicolae_shop_crystal
D:10:     layout_small_grid, dpeg_oklobed_lair,
          gammafunk_ghost_berserking_beasts, chequers_jeans
D:11:     gammafunk_beogh_shrine, layout_gridville, uniq_urug, uniq_erolcha
D:12:     layout_roguey, portal_ice_cave_entry_imps
D:13:     layout_stronghold, lightli_vaults_fourway_checkpoint, uniq_sonja,
          uniq_snorg
D:14:     layout_layer_cave, good_gods_mini_temple, uniq_louise, uniq_frances
D:15:     hangedman_depths_entry_try_elsewhere_first, layout_irregular_city
Temple:   eino_temple_scatter_basement
Lair:1:   layout_cave_pods, serial_bayou_shore_a
Lair:2:   layout_regular_city, nicolae_swamp_entry_splash_gauntlet,
          infiniplex_staircase_pool_2
Lair:3:   layout_loops_ring, minmay_snake_entry_six_corridors,
          ebering_ghost_funeral_grove, serial_forest,
          infiniplex_forest_clump_medium, infiniplex_forest_lined_3_way,
          infiniplex_forest_straight_2, infiniplex_forest_clump_long,
          infiniplex_forest_clump_medium, infiniplex_forest_lined_4_way,
          infiniplex_forest_straight_2
Lair:4:   hellmonk_ruined_rings, layout_regular_city, grunt_megastairs_4
Lair:5:   layout_cave_pods, slime_altar_2
Lair:6:   hangedman_lair_tendril_chambers, layout_cave_pods,
          guppyfry_lair_end_dragon, disabler_island
Swamp:1:  layout_basic_swamp, evilmike_swamp_ruin_rubble_1, swamp_pool5,
          nicolae_swamp_soggy_hallways
Snake:1:  layout_rooms, uniq_nikola, uniq_azrael, uniq_aizul
Snake:2:  layout_rooms
Snake:3:  layout_grid_maze, st_stairs_6, grunt_ministairs_14, drop_trap
Snake:4:  grunt_snake_rune_serpentine_throne, layout_grid_maze
Orc:1:    layout_caves
Orc:2:    grunt_orc_tribal_feast, layout_caves
Elf:1:    minmay_elf_arrival_summoners, layout_geoelf_diagonals, serial_shops,
          shop, hangedman_elf_represent
Elf:2:    elven_hall_of_blades_hangedman_original [nicolae_blade_tridents],
          layout_rooms, serial_shops, nicolae_shop_bloodbath_and_beyond,
          minmay_shop_star
Elf:3:    minmay_elf_hall_not_hex, layout_onion_city, serial_shops, shop, shop,
          shop
Vaults:1: hangedman_vaults_unwind, grunt_vaults_trifunnel, v_alt_pattern_6,
          st_hourglassy, grunt_vaults_hallway_short, vaults_dpeg_ring,
          nicolae_vaults_little_squares_3, ontoclasm_vaults_pinch,
          grunt_vaults_focal, ontoclasm_vaults_spin, hangedman_vaults_stitches,
          v_alt_pattern_6, layout_vaults_omnibox, serial_shops,
          nicolae_lakefront_shop

Skill      XL: |  1  2  3  4  5  6  7  8  9 10 11 12 13 14 15 16 17 18 |
---------------+-------------------------------------------------------+-----
Spellcasting   | 3 4 5 6 7 8 10 11 12 13 14 15 16 17 18 | 18.4
Fighting       | 1 2 3 4 5 |  5.9
Maces & Flails | 1 |  1.9
Necromancy     | 5 6 7 8 9 10 11 12 13 | 13.6
Stealth        | 2 3 |  3.8
Armour         | 1 2 3 4 |  4.6
Dodging        | 2 3 4 5 6 |  6.6
Summonings     | 1 2 3 4 |  4.5
Ice Magic      | 1 2 3 4 |  4.8
Short Blades   | 1 3 4 5 6 7 8 9 10 | 10.9
Shields        | 1 2 3 4 5 6 7 |  7.3
Invocations    | 2 3 |  3.0
Evocations     | 2 4 5 6 7 8 |  8.3
Conjurations   | 2 4 5 7 8 9 10 | 10.8
Earth Magic    | 2 4 6 8 9 10 | 10.0
Translocations | |  0.3

Action                   |  1- 3 |  4- 6 |  7- 9 | 10-12 | 13-15 | 16-18 || total
-------------------------+-------+-------+-------+-------+-------+-------++-------
Melee: Whip              |    43 |    69 |       |       |       |       ||   112
       Short sword       |       |       |   166 |   531 |   108 |       ||   805
       Quick blade       |       |       |       |       |  1011 |   604 ||  1615
 Cast: Pain              |    59 |    34 |    51 |    82 |    51 |    17 ||   294
       Vampiric Draining |     1 |     5 |    28 |    66 |    22 |    19 ||   141
       Animate Dead      |       |       |     3 |    10 |     5 |       ||    18
       Agony             |       |       |       |    21 |   107 |    33 ||   161
       Summon Ice Beast  |       |       |       |     6 |     1 |       ||     7
       Borgnjor's Vile C |       |       |       |       |    78 |   206 ||   284
       Lee's Rapid Decon |       |       |       |       |       |   177 ||   177
       Iskenderun's Myst |       |       |       |       |       |    12 ||    12
       Stone Arrow       |       |       |       |       |       |   106 ||   106
       Iron Shot         |       |       |       |       |       |    31 ||    31
       Dispel Undead     |       |       |       |       |       |     6 ||     6
Invok: Upheaval          |       |       |       |     1 |       |       ||     1
Evoke: Wand              |       |       |       |     2 |       |     3 ||     5
       Condenser vane    |       |       |       |       |     1 |     2 ||     3
  Use: Scroll            |       |       |     2 |    11 |     9 |    11 ||    33
 Stab: Sleeping          |       |       |     2 |       |       |       ||     2
       Distracted        |       |       |       |       |       |     1 ||     1
Armor: Robe              |     1 |    10 |    25 |       |       |       ||    36
       Leather armour    |    19 |     4 |       |       |       |       ||    23
       Troll leather arm |       |       |    38 |   240 |   356 |   179 ||   813
Dodge: Dodged            |    49 |    41 |   115 |   312 |   318 |   235 ||  1070
       Repelled          |       |       |       |     1 |    14 |    37 ||    52
Block: Buckler           |       |       |    49 |   288 |    68 |       ||   405
       Kite shield       |       |       |       |       |   756 |   689 ||  1445
